 Dungeon Crawl Stone Soup version 0.29.0-13-gc9e81de378 (webtiles) character file.

Game seed: 8599176269439214935

413 SnakkuSnakku7 the Shooter (level 7, -1/49 HPs)
             Began as a Djinni Hunter on Sept 10, 2022.
             Slain by an iguana (7 damage)
             ... on level 5 of the Dungeon.
             The game lasted 00:03:45 (2971 turns).

SnakkuSnakku7 the Shooter (Djinni Hunter)           Turns: 2971, Time: 00:03:45

Health: -1/49      AC:  4    Str: 10    XL:     7   Next: 14%
Gold:   228        EV: 12    Int: 10    God:
                   SH:  5    Dex: 19

rFire   + + .      SeeInvis .   a - +0 shortbow
rCold   + . .      Faith    .   (shield currently unavailable)
rNeg    . . .      Spirit   .   c - +0 leather armour
rPois   ∞          Reflect  +   m - +0 helmet
rElec   .          Harm     .   (no cloak)
rCorr   .          Rampage  .   (no gloves)
Will    .....                   (boots unavailable)
Stlth   ++........              v - amulet of reflection
HPRegen 0.16/turn               q - ring of protection from cold
MPRegen 0.00/turn               w - ring of protection from cold

@: flying
A: sickness immunity, fire resistance 2, cold vulnerability 1, float, innate
caster, HP casting, extra vitality 1
a: no special abilities


You were on level 5 of the Dungeon.
You visited 1 branch of the dungeon, and saw 5 of its levels.

You collected 228 gold pieces.

Inventory:

Hand Weapons
 a - a +0 shortbow (weapon)
Armour
 c - a +0 leather armour (worn)
 m - a +0 helmet (worn)
Jewellery
 i - an amulet of faith
 q - a ring of protection from cold (left hand)
 v - an amulet of reflection (around neck)
 w - a ring of protection from cold (right hand)
Wands
 s - a wand of digging (5)
 y - a wand of flame (12)
Scrolls
 b - 3 scrolls of immolation
 d - 8 scrolls of identify {unknown}
 e - 2 scrolls of teleportation {unknown}
 g - a scroll of fear {unknown}
 k - 2 scrolls of silence {unknown}
 l - 3 scrolls of vulnerability {unknown}
 o - a scroll of noise {unknown}
 p - a scroll of enchant weapon {unknown}
 r - 2 scrolls of blinking {unknown}
 t - 2 scrolls of enchant armour {unknown}
 u - a scroll of amnesia {unknown}
 x - a scroll of magic mapping {unknown}
 A - a scroll of butterflies {unknown}
Potions
 f - a potion of flight {unknown}
 h - a potion of brilliance {unknown}
 j - 2 potions of heal wounds
 n - a potion of invisibility {unknown}
 z - a potion of mutation {unknown}
 B - a potion of curing {unknown}
 C - a potion of lignification {unknown}


   Skills:
 - Level 2.0 Fighting
 + Level 6.6 Ranged Weapons
 - Level 2.1 Dodging
 - Level 0.7 Stealth


You couldn't memorise any spells.
You knew the following spells:

 Your Spells              Type           Power      Damage    Failure   Level
a - Necrotise             Necr           0%         1d4       45%         1
b - Wereblood             Tmut           0%         N/A       61%         2
c - Swiftness             Air            0%         N/A       83%         3
Your spell library was empty.

Dungeon Overview and Level Annotations

Branches:
Dungeon (5/15)
 Temple: D:4-7

Altars:


Innate Abilities, Weirdness & Mutations

You are immune to sickness and miasma.
You are immune to poison.
Your flesh is very heat resistant. (rF++)
You are vulnerable to cold. (rC-)
You float through the air rather than walking.
You learn spells naturally, not from books.
Your magical power is your life essence.
You have superior vitality. (+4 MHP)


Message History

Press: ? - help, Q - select action, (/) - cycle Shift-Dir - straight line, f/p - iguana
Aim: an iguana (severely wounded, 69% to hit)
You shoot an arrow.
The arrow hits the iguana but does no damage.
The iguana is severely wounded.
The iguana closely misses you.
Fire: a) +0 shortbow
Press: ? - help, Q - select action, (/) - cycle Shift-Dir - straight line, f/p - iguana
Aim: an iguana (severely wounded, 69% to hit)
You shoot an arrow. The arrow barely misses the iguana.
The iguana bites you.
* * * LOW HITPOINT WARNING * * *
The iguana barely misses you.
Fire: a) +0 shortbow
Press: ? - help, Q - select action, (/) - cycle Shift-Dir - straight line, f/p - iguana
Aim: an iguana (severely wounded, 69% to hit)
You shoot an arrow. The arrow barely misses the iguana.
You block the iguana's attack.
Unknown command.
Fire: a) +0 shortbow
Press: ? - help, Q - select action, (/) - cycle Shift-Dir - straight line, f/p - iguana
Aim: an iguana (severely wounded, 69% to hit)
You shoot an arrow. The arrow hits the iguana.
The iguana is severely wounded.
The iguana bites you.
* * * LOW HITPOINT WARNING * * *
Fire: a) +0 shortbow
Press: ? - help, Q - select action, (/) - cycle Shift-Dir - straight line, f/p - iguana
Aim: an iguana (severely wounded, 69% to hit)
You shoot an arrow. The arrow closely misses the iguana.
You block the iguana's attack.
Unknown command.
Fire: a) +0 shortbow
Press: ? - help, Q - select action, (/) - cycle Shift-Dir - straight line, f/p - iguana
Aim: an iguana (severely wounded, 69% to hit)
You shoot an arrow. The arrow closely misses the iguana.
The iguana bites you.
* * * LOW HITPOINT WARNING * * *
The iguana bites you!
You die...

#....# #.#### #..#.# #....#
####### #....#####..#.# #....#
#...... #.##.#..)...#.# #....#
#.....$ #.##.#.####.#.##
#....#
#......##.#............#
#....#
#.......#.###...#.#.####
###.####.......#.#.#...#)#.#
#####.##........l#.#.#...#.#.#
......##.#......@#.#.....#.#.#
#####.##.#.#+###.#.#.#..##.#.#
#.......#.###.#.#.##)...#.#
#.###.#.#.#.†.............#
#.###.....#.#.#.<.########
#.......#.#.#....#....
######....#.####.###.#
#.##.#.# #.# # #......# #.#


You could see an iguana.

Vanquished Creatures
  An ogre (D:4)
  A phantom (D:3)
  A scorpion (D:4)
  A jelly (D:4)
  An iguana (D:4)
  Ijyb (D:3)
  3 adders
  3 worms
  3 dart slugs
  An orc (D:5)
  6 endoplasms
  4 giant cockroaches
  3 goblins
  8 hobgoblins
  5 jackals
  10 kobolds
  4 quokkas
  3 ball pythons
  11 bats
  3 frilled lizards
  10 rats
83 creatures vanquished.

Notes
Turn   | Place    | Note
-------+----------+-------------------------------------------
     0 | D:1      | SnakkuSnakku7 the Djinni Hunter began the quest for the
                  | Orb.
     0 | D:1      | Reached XP level 1. HP: 18/18 MP: 0/0
    56 | D:1      | Reached XP level 2. HP: 23/23 MP: 0/0
   102 | D:1      | Found a faded altar of an unknown god.
   234 | D:1      | Reached XP level 3. HP: 25/28 MP: 0/0
   234 | D:1      | Learned a level 1 spell: Necrotise
   343 | D:1      | Reached skill level 4 in Ranged Weapons
   768 | D:2      | Reached XP level 4. HP: 33/33 MP: 0/0
  1617 | D:3      | Noticed Ijyb
  1626 | D:3      | Killed Ijyb
  1627 | D:3      | Reached skill level 5 in Ranged Weapons
  1627 | D:3      | Reached XP level 5. HP: 29/38 MP: 0/0
  1627 | D:3      | Learned a level 2 spell: Wereblood
  2116 | D:4      | Noticed an ogre
  2173 | D:4      | Noticed a phantom
  2193 | D:3      | Killed a phantom
  2194 | D:3      | Reached XP level 6. HP: 21/43 MP: 0/0
  2475 | D:4      | Killed an ogre
  2476 | D:4      | Reached skill level 6 in Ranged Weapons
  2602 | D:4      | Reached XP level 7. HP: 37/49 MP: 0/0
  2602 | D:4      | Learned a level 3 spell: Swiftness
  2830 | D:5      | Entered Level 5 of the Dungeon
  2971 | D:5      | Slain by an iguana

Illustrated notes

Levels and vault maps discovered:
D:1:      dpeg_arrival_rooms_c, layout_basic,
          hellmonk_ecumenical_altar_crossroads
D:2:      layout_rooms, minmay_quantized
D:3:      layout_loops_corners, uniq_ijyb
D:4:      minmay_wonky_spiral, layout_rooms
D:5:      layout_basic, pdpol_wu_jian_five_deadly_venoms, minmay_lizard_king,
          uniq_grinder

Skill      XL: |  1  2  3  4  5  6 |
---------------+-------------------+-----
Ranged Weapons | 4 5 6 |  6.6
Fighting       | |  2.0
Dodging        | |  2.1
Stealth        | |  0.7

Action                   |  1- 3 |  4- 6 |  7- 9 || total
-------------------------+-------+-------+-------++-------
 Fire: Shortbow          |    60 |   148 |    39 ||   247
  Use: Potion            |       |     1 |     1 ||     2
Armor: Leather armour    |     7 |    29 |       ||    36
Dodge: Dodged            |    17 |    58 |    14 ||    89
Block: Other             |       |     5 |     5 ||    10
